 Dungeon Crawl Stone Soup version 0.28.0-62-gf88900778d (webtiles) character file.

Game seed: 18104510509408534548

25 cbfl8 the Sneak (level 3, -3/22 HPs)
             Began as a Kobold Brigand on June 24, 2023.
             Killed by an exploding goblin (23 damage)
             ... ignited by their inner flame
             ... on level 2 of the Dungeon.
             The game lasted 00:01:04 (844 turns).

cbfl8 the Sneak (Kobold Brigand)                     Turns: 844, Time: 00:01:05

Health: -3/22      AC:  4    Str: 10    XL:     3   Next: 17%
Magic:  3/3        EV: 14    Int: 12    God:
Gold:   16         SH:  0    Dex: 22    Spells: 2/2 levels left

rFire   . . .      SeeInvis .   a - +2 dagger
rCold   . . .      Faith    .   (no shield)
rNeg    . . .      Spirit   .   m - +0 leather armour
rPois   .          Reflect  .   (no helmet)
rElec   .          Harm     .   c - +0 cloak
rCorr   .          Rampage  .   (no gloves)
Will    .....                   (no boots)
Stlth   ++++......              (no amulet)
HPRegen 0.07/turn               g - +6 ring of dexterity
MPRegen 0.08/turn               (no ring)

@: no status effects
A: small, no large weapons, nightstalker 3
a: no special abilities


You were on level 2 of the Dungeon.
You visited 1 branch of the dungeon, and saw 2 of its levels.

You collected 16 gold pieces.

Inventory:

Hand Weapons
 a - a +2 dagger (weapon)
Missiles
 d - 8 poisoned darts (quivered)
 e - 2 curare-tipped darts
Armour
 b - a +0 robe
 c - a +0 cloak (worn)
 m - a +0 leather armour (worn)
Jewellery
 g - a +6 ring of dexterity (left hand)
Scrolls
 f - a scroll of identify
Potions
 l - a potion of brilliance


   Skills:
 + Level 2.3 Fighting
 + Level 2.8 Short Blades
 + Level 2.3 Throwing
 + Level 1.3 Dodging
 * Level 6.2 Stealth
 * Level 1.0 Evocations


You had 2 spell levels left.
You didn't know any spells.
Your spell library was empty.

Dungeon Overview and Level Annotations

Branches:
Dungeon (2/15)

Altars:

Annotations:
D:2 Robin


Innate Abilities, Weirdness & Mutations

You are small and have problems with some larger weapons.
You are completely attuned to the shadows.


Message History

Robin and a goblin come into view.
Robin is wielding a +0 whip and wearing the +1 helmet of Bedevilment {rN+ rCorr}.
The goblin shouts!
An adder comes into view.
Robin roars a battlecry!
The goblins go into a battle-frenzy!
A hobgoblin comes into view.
A goblin comes into view. It is wielding a +0 club.
As you read the scroll labelled ZYOGUXTUDGH, it crumbles to dust.
You assume a fearsome visage.
Robin looks frightened!
The goblin looks frightened! x4; The hobgoblin looks frightened!
The goblin looks frightened!
The adder looks frightened!
It was a scroll of fear.
Unknown command.
As you read the scroll labelled ZEITWAE ROZOFY, it crumbles to dust.
The creatures around you are filled with an inner flame!
It was a scroll of immolation.
Unknown command.
As you read the scroll labelled JATOFRI RAXABE, it crumbles to dust.
You hear a loud clanging noise!
It was a scroll of noise.
You hear a shout!
You hear an angry hiss.
A goblin comes into view. It is wielding a +0 club.
As you read the scroll labelled PAUN SADYQI, it crumbles to dust.
The scroll dissolves into smoke.
It was a scroll of fog.
As you read the scroll labelled BERALU OTAR, it crumbles to dust.
It is a scroll of identify.
l - a potion of brilliance The goblin hits you with a +0 club.
The goblin no longer looks unusually strong.
The goblin no longer looks unusually strong.
The goblin hits you but does no damage.
You hit the goblin.
You kill the goblin!
Your Evocations skill increases to level 1!
You hit the goblin.
The goblin explodes!
The fiery explosion engulfs you!!
Ouch! That really hurt!
You die...

. ..####
.....#
#@# #)#
#ยง# #.#
##.#####
#......#
#......#
#......#
#......#


There were no monsters in sight!

Vanquished Creatures
  2 ball pythons (D:1)
  5 bats (D:1)
  2 giant cockroaches (D:1)
  5 goblins
  2 hobgoblins (D:1)
  2 jackals (D:1)
  A quokka (D:1)
  A frilled lizard (D:1)
  A kobold (D:1)
  2 rats (D:1)
23 creatures vanquished.

Notes
Turn   | Place    | Note
-------+----------+-------------------------------------------
     0 | D:1      | cbfl8 the Kobold Brigand began the quest for the Orb.
     0 | D:1      | Reached XP level 1. HP: 12/12 MP: 1/1
    98 | D:1      | Reached XP level 2. HP: 17/17 MP: 2/2
   265 | D:1      | Reached skill level 6 in Stealth
   599 | D:1      | Reached XP level 3. HP: 14/22 MP: 3/3
   820 | D:2      | Identified the +1 helmet of Bedevilment {rN+ rCorr}
   820 | D:2      | Noticed Robin
   844 | D:2      | Reached skill level 1 in Evocations
   844 | D:2      | Killed by an exploding goblin... ignited by their inner
                  | flame

Illustrated notes

Levels and vault maps discovered:
D:1:      dpeg_arrival_renting, layout_rooms
D:2:      layout_basic, shapermc_ecumenical_altar_starsandcircs, uniq_robin,
          uniq_crazy_yiuf_cottage

Skill      XL: |  1  2  3 |
---------------+----------+-----
Stealth        | 6 |  6.2
Evocations     | 1 |  1.0
Fighting       | |  2.3
Short Blades   | |  2.8
Throwing       | |  2.3
Dodging        | |  1.3

Action                   || total
-------------------------++-------
Melee: Dagger            ||    52
  Use: Scroll            ||     5
 Stab: Sleeping          ||     9
       Distracted        ||     1
Armor: Robe              ||    12
       Leather armour    ||     1
Dodge: Dodged            ||    40
